 Dungeon Crawl Stone Soup version 0.31.0-9-g3a7656b989 (webtiles) character file.

Game seed: 18066109799046905623

358 qw the Shooter (level 6, 0/30 HPs)
             Began as a Spriggan Hunter on Feb 2, 2024.
             Incinerated by a bombardier beetle (5 damage)
             ... with a burning spray
             ... on level 4 of the Dungeon.
             The game lasted 00:00:10 (2053 turns).

qw the Shooter (Spriggan Hunter)                    Turns: 2053, Time: 00:00:11

Health: 0/30       AC:  2    Str: 13    XL:     6   Next: 37%
Magic:  7/7        EV: 21    Int: 11    God:
Gold:   191        SH:  0    Dex: 20    Spells: 5/5 levels left

rFire   . . .        a - +0 shortbow
rCold   . . .        (shield currently unavailable)
rNeg    . . .        c - +0 robe
rPois   .            (helmet restricted)
rElec   .            (no cloak)
rCorr   .            (gloves unavailable)
SInv    +            (boots unavailable)
Will    +....        (no amulet)
Stlth   +            b - +6 ring of strength
HPRegen 0.25/turn    (no ring)
MPRegen 0.10/turn

%: no passive effects
@: on fire, glowing, very quick
A: very small, no large weapons, unfitting armour, see invisible, speed 3
a: no special abilities


You were on level 4 of the Dungeon.
You visited 1 branch of the dungeon, and saw 4 of its levels.

You collected 191 gold pieces.


Innate Abilities, Weirdness & Mutations

You are very small and have problems with some larger weapons.
You are too small for most types of armour.
You have supernaturally acute eyesight. (SInv)
You cover ground extremely quickly. (Speed+++)


   Skills:
 - Level 2.2 Fighting
 + Level 6.1 Ranged Weapons
 - Level 6.1 Dodging
 - Level 1.5 Stealth


You had 5 spell levels left.
You didn't know any spells.
Your spell library was empty.

Inventory:

Hand Weapons
 a - a +0 shortbow (weapon)
Armour
 c - a +0 robe (worn)
Jewellery
 b - a +6 ring of strength (left hand)
Wands
 g - a wand of flame (9)
Scrolls
 f - a scroll of teleportation
 i - a scroll of vulnerability {unknown}
 j - a scroll of revelation {unknown}
Potions
 d - a potion of degeneration {unknown}
 e - a potion of haste {unknown}
 h - 4 potions of curing
 k - a potion of heal wounds

Dungeon Overview and Level Annotations

Branches:
Dungeon (4/15)
 Temple: D:4-7

Altars:


Message History

You kill the quokka!
k - a potion of heal wounds You open the door.
Found an escape hatch in the ceiling.
There is an open door here.
A bombardier beetle comes into view.
You shoot an arrow.
The arrow hits the bombardier beetle but does no damage.
You shoot an arrow.
The arrow barely misses the bombardier beetle.
You shoot an arrow. The arrow hits the bombardier beetle.
The bombardier beetle is lightly wounded.
The bombardier beetle sprays incendiary fluid at you.
The burning spray hits you.
You are covered in liquid fire!
You shoot an arrow. The arrow hits the bombardier beetle!
The bombardier beetle is heavily wounded.
The liquid fire burns you!
You shoot an arrow.
The arrow hits the bombardier beetle but does no damage.
The bombardier beetle is heavily wounded.
The liquid fire burns you!
You shoot an arrow. The arrow hits the bombardier beetle.
The bombardier beetle is almost dead.
The liquid fire burns you!
You shoot an arrow.
The arrow barely misses the bombardier beetle.
The liquid fire burns you!
The bombardier beetle sprays incendiary fluid at you.
The burning spray misses you.
You shoot an arrow.
The arrow barely misses the bombardier beetle.
The liquid fire burns you!
You shoot an arrow. The arrow hits the bombardier beetle.
You kill the bombardier beetle!
The liquid fire burns you!
Your Dodging skill increases to level 6!
You are on fire!
The liquid fire burns you!
You die...

##...#..#####
#.####......##
######....+.......#
#.....#...#.......#
#.....#####[......#
#.................#
#..........#'########.
#....###...#.........#
#....#.#...#..@.......
###.#.}.#..#..........
#..#.#...#....##...#
##.###...#...<# ..#
#######......##+### .#
..##...#..........
...#...+..........
...'...#..........
..##...#..........


There were no monsters in sight!

Vanquished Creatures
  A phantom (D:4)
  2 hounds
  A bombardier beetle (D:4)
  Jessica (D:3)
  Natasha (thrice) (D:3)
  A gnoll (D:1)
  2 adders
  A dart slug (D:1)
  8 endoplasms
  3 giant cockroaches
  5 goblins
  3 hobgoblins
  6 jackals (D:3)
  3 quokkas
  8 ball pythons
  4 bats
  A frilled lizard (D:1)
  6 kobolds
  13 rats
72 creatures vanquished.

Notes
Turn   | Place    | Note
-------+----------+-------------------------------------------
     0 | D:1      | qw the Spriggan Hunter began the quest for the Orb.
     0 | D:1      | Reached XP level 1. HP: 10/10 MP: 2/2
     0 | D:1      | 0 ||| qw: Version: 0.3-a-155-g5e7d8dd
     0 | D:1      | 0 ||| qw: Game counter: 1440
     0 | D:1      | 0 ||| qw: Melee chars always use a shield: true
     0 | D:1      | 0 ||| qw: God list: Okawaru
     0 | D:1      | 0 ||| qw: Allow faded altars: false
     0 | D:1      | 0 ||| qw: Do Orc after clearing Dungeon:15 true
     0 | D:1      | 0 ||| qw: Do second Lair branch before Depths: true
     0 | D:1      | 0 ||| qw: Lair rune preference: random
     0 | D:1      | 0 ||| qw: Goals: Normal
     0 | D:1      | 0 ||| PLANNING D:1-11
     5 | D:1      | Reached skill level 3 in Dodging
     5 | D:1      | Reached XP level 2. HP: 14/14 MP: 3/3
   437 | D:1      | Reached XP level 3. HP: 18/18 MP: 4/4
   694 | D:1      | 694 ||| READING 2 scrolls labelled RUER ISHRUAGU.
   694 | D:1      | 694 ||| IDENTIFYING red potion
   695 | D:1      | 695 ||| READING scroll of identify.
   695 | D:1      | 695 ||| IDENTIFYING lumpy coppery potion
   696 | D:1      | 696 ||| READING 2 scrolls labelled NAHOSTRAMYPP.
   699 | D:1      | 699 ||| READING scroll labelled QEPNUGG SAACHO.
   700 | D:1      | 700 ||| DRINKING 2 pink potions.
   701 | D:1      | 701 ||| DROPPING scroll of butterflies.
   702 | D:1      | 702 ||| DROPPING potion of attraction.
   703 | D:1      | 703 ||| DROPPING potion of lignification.
   805 | D:2      | Reached XP level 4. HP: 17/22 MP: 5/5
   826 | D:2      | Found a faded altar of an unknown god.
  1358 | D:2      | 1358 ||| READING scroll of identify.
  1358 | D:2      | 1358 ||| IDENTIFYING white potion
  1359 | D:2      | 1359 ||| READING 2 scrolls labelled QACWOR RUKK.
  1460 | D:2      | 1460 ||| READING scroll labelled BOHO DISIENLAKH.
  1461 | D:2      | 1461 ||| DROPPING scroll of silence.
  1690 | D:3      | Noticed Natasha
  1693 | D:3      | Killed Natasha
  1694 | D:3      | Reached XP level 5. HP: 26/26 MP: 6/6
  1787 | D:3      | Noticed Natasha
  1790 | D:3      | Noticed Jessica
  1796 | D:3      | 1796 ||| RETREEEEATING.
  1796 | D:3      | HP: 1/26 [Natasha/magic dart (7)]
  1797 | D:3      | 1797 ||| READING 2 scrolls of teleportation.
  1798 | D:3      | 1798 ||| DRINKING potion of heal wounds.
  1799 | D:3      | 1799 ||| RETREEEEATING.
  1802 | D:3      | Killed Natasha
  1858 | D:3      | Noticed Natasha
  1860 | D:3      | Killed Jessica
  1863 | D:3      | Killed Natasha
  1902 | D:3      | 1902 ||| UPGRADING to +6 ring of strength.
  1903 | D:3      | 1903 ||| READING scroll labelled HOQONE PICZI.
  1965 | D:4      | Reached skill level 6 in Ranged Weapons
  1973 | D:4      | Noticed a phantom
  1974 | D:4      | 1974 ||| ZAPPING wand of flame (15) at -2,-7 (phantom;
                  | floor).
  1975 | D:4      | 1975 ||| ZAPPING wand of flame (14) at -2,-6 (phantom;
                  | floor).
  1976 | D:4      | 1976 ||| ZAPPING wand of flame (13) at -1,-5 (phantom;
                  | floor).
  1977 | D:4      | 1977 ||| ZAPPING wand of flame (12) at 0,-4 (phantom;
                  | floor).
  1978 | D:4      | 1978 ||| ZAPPING wand of flame (11) at 0,-3 (phantom;
                  | floor).
  1979 | D:4      | 1979 ||| ZAPPING wand of flame (10) at 0,-2 (phantom;
                  | floor).
  1979 | D:4      | Killed a phantom
  1980 | D:4      | Reached XP level 6. HP: 30/30 MP: 7/7
  2052 | D:4      | HP: 5/30 [burnt (6)]
  2053 | D:4      | Reached skill level 6 in Dodging
  2053 | D:4      | Incinerated by a bombardier beetle

Levels and vault maps discovered:
D:1:      ebering_trefoil_twist, layout_basic
D:2:      layout_basic, nicolae_ecumenical_snake_handling,
          minmay_rat_gold_closets
D:3:      layout_rooms, minmay_ruptured, uniq_natasha, uniq_jessica
D:4:      layout_gridville, general_overflow_altar, kennysheep_minor_cross,
          minmay_misc_feat_enclosed, grunt_decor_one_mirror, st_stairs_11,
          minmay_misc_feat_square, uniq_eustachio

Skill      XL: |  1  2  3  4  5  6 |
---------------+-------------------+-----
Dodging        | 3 4 5 6 |  6.1
Ranged Weapons | 5 6 |  6.1
Fighting       | 2 |  2.2
Stealth        | |  1.5

Action                     |  1- 3 |  4- 6 || total
---------------------------+-------+-------++-------
   Fire: Shortbow          |    49 |   135 ||   184
  Evoke: Wand              |       |     6 ||     6
    Use: Scroll            |     4 |     5 ||     9
         Potion            |     1 |     1 ||     2
 Armour: Robe              |     2 |    13 ||    15
  Dodge: Dodged            |     4 |    80 ||    84

Table legend:
 A = Non-vault XP
 B = Vault XP
 C = Vault XP percentage of total XP
 D = Non-vault monster count
 E = Vault monster count
 F = Vault count percentage of total count
                 A         B        C        D         E       F
            +---------+---------+-------+---------+---------+-------
      Total |     427 |      85 |  16.6 |      58 |      14 |  19.4
            +---------+---------+-------+---------+---------+-------
        D:1 |      44 |       0 |   0.0 |      19 |       0 |   0.0
        D:2 |      89 |       9 |   9.2 |      20 |       9 |  31.0
        D:3 |     106 |      76 |  41.8 |      14 |       5 |  26.3
        D:4 |     188 |       0 |   0.0 |       5 |       0 |   0.0
            +---------+---------+-------+---------+---------+-------
